 Dungeon Crawl Stone Soup version 0.30-a0-341-g682706514a (webtiles) character file.

Game seed: 13309261979178391499

339172 jlumianski the Demonic Cataclysm (level 21, -8/172 HPs)
             Began as a Demonspawn Fighter on Nov 3, 2022.
             Was a High Priest of Qazlal.
             Killed from afar by a deep elf annihilator (21 damage)
             ... with an iron shot
             ... on level 3 of the Elven Halls on Nov 4, 2022.
             The game lasted 05:27:08 (49970 turns).

jlumianski the Demonic Cataclysm (DsFi)            Turns: 49970, Time: 05:27:09

Health: -8/172     AC: 33    Str: 31    XL:     21   Next: 4%
Magic:  29/34      EV:  6    Int: 12    God:    Qazlal [*****.]
Gold:   1216       SH: 36    Dex: 13    Spells: 20/20 levels left

rFire   . . .      SeeInvis +    j - +8 broad axe (flame)
rCold   . . .      Faith    .    x - +3 tower shield {reflect}
rNeg    . . .      Spirit   .    d - +3 crystal plate armour
rPois   .          Reflect  +    (helmet unavailable)
rElec   .          Harm     .    E - +0 cloak {Will+}
rCorr   .          Rampage  .    K - +3 pair of gloves of the Heavens {+Blink Will++}
Will    ++++.                    (no boots)
Stlth   ..........               a - amulet of regeneration
HPRegen 1.28/turn                i - +4 ring of slaying
MPRegen 0.24/turn                u - +6 ring of strength

@: mighty, lethally poisoned (-8 -> -29), protected from physical damage,
studying Ranged Weapons, repel missiles
A: antennae 3, large bone plates 3, powered by pain 3, condensation shield,
corrupting presence 1
}: 2/15 runes: decaying, serpentine
a: Renounce Religion, Evoke Blink, Upheaval, Elemental Force, Disaster Area


You were on level 3 of the Elven Halls.
You worshipped Qazlal.
Qazlal was extremely pleased with you.
You visited 8 branches of the dungeon, and saw 39 of its levels.
You also visited: Bailey and Volcano.

You collected 4501 gold pieces.
You spent 3285 gold pieces at shops.

Inventory:

Hand Weapons
 j - a +8 broad axe of flaming (weapon)
 R - a +4 quick blade of holy wrath
 U - a +3 eveningstar of freezing
Missiles
 b - 2 boomerangs of dispersal
 e - 4 atropa-tipped darts
 N - 14 throwing nets
 Q - 8 datura-tipped darts
 Y - 40 boomerangs (quivered)
Armour
 c - a +1 cloak of stealth
 d - a +3 crystal plate armour (worn)
 x - a +3 tower shield of reflection (worn)
 y - a scarf of invisibility
 E - a +0 cloak of willpower (worn)
 H - a +1 cloak of preservation
 K - the +3 pair of gloves of the Heavens (worn) {+Blink Will++}
   (You took it off Nikola on level 3 of the Vaults)

   +Blink:    It lets you blink.
   Will:      It greatly increases your willpower.
Jewellery
 a - an amulet of regeneration (around neck)
 i - a +4 ring of slaying (left hand)
 l - the ring "Rirphadi" {rF+ AC+4}
   (You bought it in a shop on level 2 of the Orcish Mines)

   [ring of protection]

   AC:        It affects your AC (+4).
   rF:        It protects you from fire.
 m - a ring of willpower
 n - a ring of resist corrosion
 u - a +6 ring of strength (right hand)
 F - a ring of flight
 I - a ring of poison resistance
 M - a +6 ring of dexterity
 S - a ring of protection from cold
Wands
 p - a wand of digging (6)
 v - a wand of iceblast (23)
 B - a wand of light (22)
 C - a wand of paralysis (51)
 P - a wand of mindburst (55)
Scrolls
 g - 9 scrolls of fog
 k - 4 scrolls of poison
 o - 2 scrolls of summoning
 t - 11 scrolls of teleportation
 w - 3 scrolls of fear
 D - 2 scrolls of brand weapon
 J - 2 scrolls of blinking
 O - 2 scrolls of silence
Potions
 h - 3 potions of heal wounds
 q - 17 potions of curing
 r - 2 potions of might
 s - 2 potions of berserk rage
 z - 2 potions of flight
 A - 4 potions of invisibility
 G - 3 potions of haste
 L - 7 potions of resistance
 T - 2 potions of cancellation
Miscellaneous
 f - a phial of floods (inert)


   Skills:
 * Level 16.5 Fighting
 - Level 18.0 Axes
 + Level 3.1 Throwing
 + Level 11.5 Armour
 + Level 3.0 Dodging
 + Level 4.2 Stealth
 + Level 17.1 Shields
 * Level 18.6 Invocations
 * Level 15.0 Evocations


You had 20 spell levels left.
You didn't know any spells.
Your spell library contained the following spells:

 Spells                   Type           Power      Damage    Failure   Level
 Apportation              Tloc           0%         N/A       100%        1
 Freeze                   Ice            0%         1d3       100%        1
 Magic Dart               Conj           0%         1d3       100%        1
 Necrotise                Necr           0%         1d4       100%        1
 Sandblast                Erth           0%         2d4       100%        1
 Sting                    Tmut/Pois      0%         1d3       100%        1
 Summon Small Mammal      Summ           0%         N/A       100%        1
 Blink                    Tloc           0%         N/A       100%        2
 Call Imp                 Summ           0%         N/A       100%        2
 Passwall                 Tmut/Erth      0%         N/A       100%        2
 Searing Ray              Conj           0%         2d4       100%        2
 Call Canine Familiar     Summ           0%         N/A       100%        3
 Frozen Ramparts          Ice            0%         1d1       100%        3
 Hailstorm                Conj/Ice       0%         3d3       100%        3
 Kindle Blastsparks       Fire/Tloc/Air  0%         2d10      100%        3
 Lesser Beckoning         Tloc           0%         N/A       100%        3
 Mephitic Cloud           Conj/Pois/Air  0%         N/A       100%        3
 Ozocubu's Armour         Ice            0%         N/A       100%        3
 Portal Projectile        Hex/Tloc       0%         N/A       100%        3
 Spider Form              Tmut/Pois      0%         N/A       100%        3
 Stone Arrow              Conj/Erth      0%         3d7       100%        3
 Vampiric Draining        Necr           0%         2d6       100%        3
 Vhi's Electric Charge    Tloc/Air       0%         N/A       100%        3
 Animate Dead             Necr           0%         N/A       100%        4
 Fulminant Prism          Conj/Hex       0%         3d5       100%        4
 Ice Form                 Ice/Tmut       0%         N/A       100%        4
 Iskenderun's Mystic Bla  Conj/Tloc      0%         2d3       100%        4
 Leda's Liquefaction      Hex/Erth       0%         N/A       100%        4
 Petrify                  Tmut/Erth      0%         N/A       100%        4
 Summon Ice Beast         Ice/Summ       0%         N/A       100%        4
 Agony                    Necr           0%         N/A       100%        5
 Arcjolt                  Conj/Air       0%         1d10      100%        5
 Blade Hands              Tmut           0%         N/A       100%        5
 Freezing Cloud           Conj/Ice/Air   0%         6-21      100%        5
 Lee's Rapid Deconstruct  Erth           0%         3d4*      100%        5
 Metabolic Englaciation   Hex/Ice        0%         N/A       100%        5
 Summon Mana Viper        Hex/Summ       0%         N/A       100%        5
 Simulacrum               Ice/Necr       0%         N/A       100%        6
 Statue Form              Tmut/Erth      0%         N/A       100%        6
 Monstrous Menagerie      Summ           0%         N/A       100%        7
 Maxwell's Capacitive Co  Air            0%         ∞         100%        8
 Death's Door             Necr           0%         N/A       100%        9
 Polar Vortex             Ice            0%         N/A       100%        9


Dungeon Overview and Level Annotations

Branches:
Dungeon (15/15)            Temple (1/1) D:4            Lair (5/5) D:11
  Swamp (4/4) Lair:2        Snake (4/4) Lair:3        Slime (0/5) Lair:4
    Orc (2/2) D:11            Elf (3/3) Orc:2        Vaults (5/5) D:13
  Crypt (0/3) Vaults:2     Depths (0/4) D:15         Bailey (visited)
Volcano (visited)

Altars:
Ashenzari
Cheibriados
Dithmenos
Fedhas
Gozag
Hepliaklqana
Kikubaaqudgha
Makhleb
Nemelex Xobeh
Okawaru
Qazlal
Ru
Sif Muna
Trog
Uskayaw
Vehumet
Wu Jian
Xom
Yredelemnul
Ignis
Jiyva

Shops:
Orc:2 =(!?   Elf:1 :**   Elf:2 !(*([   Snake:1 !   Vaults:3 [

Portals:
Abyss: D:12

Annotations:
D:8 2 transporters, bande's ghost, novice GrFi
D:12 1 transporter, Gucaix's ghost, journeyman FoFi


Innate Abilities, Weirdness & Mutations

You have a pair of large antennae on your head. (SInv)
You are completely covered in large bone plates. (SH +8)
You are powered by pain.
A meltable shield of frost defends you. (SH +0)
Your presence sometimes corrodes those you injure.


Message History

The deep elf annihilator points at you and mumbles some strange words.
The poison arrow hits you!!!
You are more poisoned.
You focus on the pain.
You feel very mighty all of a sudden.
A deep elf elementalist comes into view.
It is wielding a +0 long sword.
You hear a shout!
You feel extremely sick.
You block the deep elf annihilator's attack.
The deep elf elementalist gestures wildly while chanting.
The deep elf elementalist seems to speed up.
The deep elf annihilator attacks as you move away!
You block the deep elf annihilator's attack.
You feel very sick.
The deep elf elementalist points next to the orc and mumbles some strange words.
Some walls begin to move on their own!
The deep elf annihilator is engulfed in blazing flames.
An orc sorcerer comes into view. It is wielding a +0 dagger.
You hear a shout! x5
The deep elf annihilator attacks as you move away!
You block the deep elf annihilator's attack.
You feel very sick.
The deep elf annihilator points at you and mumbles some strange words.
The poison arrow hits you!!!
You are more poisoned.
* * * LOW HITPOINT WARNING * * *
You focus on the pain.
You feel mightier all of a sudden.
An orc comes into view. It is wielding a +2 flail of draining.
Items here: )) [ †.
Activating: Elemental Force (0% risk of failure)
Press: ? - help, Dir - look around, f - activate Clouds arounds you coalesce and take form!
You feel less protected from physical attacks.
* * * LOW HITPOINT WARNING * * *
You feel extremely sick.
The deep elf annihilator points at you and mumbles some strange words.
The iron shot hits you!!
You feel protected from physical attacks.
You die...

### # #E.#.#
##+#E)o{.
+.E?))#
##...eE##
#..oeEE.#
#..ee.°E#
#...e...#
##○E@.E##
#.....#
###'###
###'###
##.....##
#+.......##
##.........##
#...........#
#...........#


You could see a deep elf master archer, 3 deep elf annihilators, a deep elf
elementalist (fast, repels missiles, ally target), 3 earth elementals, 2 orcs, 2
friendly earth elementals, a friendly fire elemental (summoned) and 3 friendly
air elementals.

Vanquished Creatures
  Saint Roka (Elf:3)
  Nikola (Vaults:3)
  2 tentacled monstrosities
  2 quicksilver dragons (Snake:4)
  A titan (Vaults:4)
  A deep elf blademaster (Elf:3)
  2 sphinxes
  2 thorn hunters
  Agnes (Elf:1)
  The ghost of Iffuusoj the Severer, an adept MiBe of Trog (Swamp:2)
  Roxanne (Snake:4)
  Donald (Swamp:2)
  7 nagarajas (Snake:4)
  The ghost of ytrimaz the Peltast, an adept FoFi of Okawaru (Snake:2)
  Aizul (Snake:1)
  9 vault wardens
  A deep elf sorcerer (Elf:2)
  A curse skull (Vaults:1)
  A deep elf elementalist (Elf:1)
  3 war gargoyles
  An orc warlord (D:11)
  A ghoul (Swamp:3)
  15 ironbound preservers
  8 ironbound thunderhulks
  2 stone giants (Vaults:1)
  A very ugly thing (D:15)
  Nessos (D:12)
  5 eleionomae
  A vampire knight (Vaults:2)
  A deep elf demonologist (Vaults:1)
  A red draconian (Volcano)
  8 dire elephants
  4 bunyips
  2 ettins
  A deep elf high priest (Vaults:1)
  A deep elf death mage (Elf:1)
  3 crystal guardians
  An entropy weaver (Vaults:3)
  3 fire dragons
  3 great orbs of eyes
  A jiangshi (Vaults:1)
  10 yaktaur captains
  6 vault guards
  23 hydras
  Erica (D:8)
  Erolcha (D:12)
  4 peacekeepers
  2 ghost crabs (Swamp:3)
  3 salamander tyrants
  An ogre mage (D:15)
  4 two-headed ogres (D:15)
  7 centaur warriors
  A catoblepas (D:15)
  7 ironbound frosthearts
  7 anacondas
  A death knight (D:14)
  A death yak (Lair:2)
  5 boulder beetles
  19 alligators
  2 tengu warriors
  15 naga warriors
  24 dancing weapons
  13 deep elf knights
  11 shock serpents
  7 naga sharpshooters
  4 skeletal warriors
  2 fire crabs (Swamp:4)
  A titan skeleton (Vaults:4)
  3 goliath frogs
  2 salamander mystics
  A death drake (Swamp:4)
  3 sea snakes (Snake:2)
  5 spriggan druids
  6 bog bodies
  42 deep trolls
  A flayed ghost (Vaults:2)
  Pikel (D:5)
  11 swamp dragons
  A glowing orange brain (D:15)
  6 wizards
  2 naga ritualists
  10 deep elf archers
  A phantasmal warrior (D:15)
  9 ironbound convokers
  7 lindwurms
  18 deep elf pyromancers
  6 harpies
  A necromancer (Vaults:4)
  10 orc knights
  4 orc sorcerers
  The ghost of koil the Covert, a novice SpBr (D:6)
  2 manticores
  13 salamanders
  16 deep elf zephyrmancers
  6 mana vipers
  23 ugly things
  2 will-o-the-wisps (Swamp:3)
  A guardian serpent (shapeshifter) (D:13)
  2 wolf spiders (Lair:5)
  7 cyclopes
  An elephant (shapeshifter) (Vaults:3)
  7 guardian serpents
  Maurice (D:9)
  8 vault sentinels
  11 elephants
  10 naga magi
  A frost giant skeleton (Vaults:4)
  31 black mambas
  A torpor snail (Lair:4)
  5 gargoyles
  4 molten gargoyles (Volcano)
  An eye of devastation (shapeshifter) (Vaults:1)
  A yaktaur zombie (Vaults:4)
  11 cane toads
  4 komodo dragons
  2 kobold demonologists
  19 yaktaurs
  An efreet (D:14)
  3 freezing wraiths
  3 rime drakes
  An anaconda simulacrum (Snake:2)
  10 trolls
  A bloated husk (Swamp:3)
  10 meliai
  A queen bee (Orc:1)
  20 slime creatures
  5 polar bears
  A troll (shapeshifter) (D:13)
  5 tyrant leeches
  11 hornets
  5 dream sheep
  19 blink frogs
  A spectral black mamba (Snake:2)
  4 wraiths
  3 air elementals (Elf:1)
  4 wyverns
  22 spriggans
  5 water elementals
  3 fire elementals
  39 yaks
  9 fire bats (Swamp:4)
  5 basilisks
  3 vampires
  9 vampire mosquitoes
  5 steam dragons
  2 humans (shapeshifter)
  15 wargs
  16 swamp worms
  27 nagas
  2 acid dragons
  2 spectral nagas (Snake:2)
  11 water moccasins
  10 swamp drakes
  4 sky beasts
  39 orc warriors
  7 black bears
  An ice beast (D:6)
  9 ogres
  19 boggarts
  A black mamba simulacrum (Snake:2)
  3 centaurs
  46 wolves
  2 phantoms
  2 kobold brigands
  8 bullfrogs
  10 gnoll sergeants
  2 earth elementals (Elf:1)
  6 necrophages
  23 killer bees
  The ghost of lunkers the Digger, a weakling MeEE (D:3)
  An electric eel (Snake:2)
  2 howler monkeys
  A naga simulacrum (Snake:2)
  A jelly (D:4)
  8 hounds
  11 gnoll boudas
  11 orc priests
  2 iguanas
  19 orc wizards
  7 hell rats (Lair:4)
  47 gnolls
  8 adders
  A river rat (shapeshifter) (D:15)
  A shadow imp (D:6)
  2 white imps
  An ufetubus (D:5)
  2 dart slugs
  122 orcs
  9 endoplasms
  3 giant cockroaches
  12 goblins
  11 hobgoblins
  4 jackals (D:2)
  3 quokkas
  8 ball pythons
  10 bats
  A frilled lizard (D:1)
  23 kobolds
  7 rats
  A butterfly (Lair:4)
  A lurking horror (D:12)
1443 creatures vanquished.

Vanquished Creatures (collateral kills)
  2 ironbound preservers (Vaults:3)
  2 stone giants
  An eleionoma (Swamp:3)
  A deep elf annihilator (Elf:3)
  A dire elephant (Vaults:4)
  A great orb of eyes (Vaults:3)
  2 deep elf high priests
  2 yaktaur captains
  2 salamander tyrants (Snake:4)
  A spriggan air mage (Swamp:1)
  2 ironbound frosthearts
  An alligator (Swamp:1)
  2 anacondas
  2 dancing weapons
  A shock serpent (Snake:4)
  A naga sharpshooter (Snake:1)
  A shadow wraith (Vaults:3)
  A spriggan druid (Swamp:1)
  A glowing orange brain (Vaults:1)
  An ironbound convoker (Vaults:3)
  2 orc knights (Orc:2)
  3 deep elf pyromancers
  2 deep elf zephyrmancers (Elf:2)
  3 salamanders
  3 elephants
  A black mamba (Snake:3)
  A vault sentinel (Vaults:2)
  An anaconda simulacrum (Snake:2)
  A rime drake (Lair:4)
  A hornet (Lair:5)
  A yak (Lair:2)
  A swamp worm (Swamp:1)
  5 nagas
  A spectral naga (Snake:2)
  2 orc warriors
  A swamp drake (Swamp:1)
  6 wolves
  A boggart (Vaults:3)
  An earth elemental (Elf:1)
  A bullfrog (Lair:2)
  An orc priest (Elf:3)
  An orc (Elf:3)
68 creatures vanquished.

Vanquished Creatures (others)
  An ironbound frostheart (Vaults:2)
  A peacekeeper (Vaults:3)
  A deep elf knight (Elf:2)
  An ironbound convoker (Vaults:3)
  A deep elf zephyrmancer (Elf:2)
  A deep elf pyromancer (Elf:2)
  An ugly thing (Vaults:3)
  An air elemental (Elf:2)
  A water elemental (Elf:2)
  A swamp worm (Swamp:1)
  3 swamp drakes (Swamp:4)
  2 boggarts
  A kobold brigand (D:6)
  A quokka (D:15)
  A briar patch (Lair:1)
  8 foxfires (Swamp:3)
  14 fungi
  61 plants
101 creatures vanquished.

Grand Total: 1612 creatures vanquished

Notes
Turn   | Place    | Note
-------+----------+-------------------------------------------
     0 | D:1      | jlumianski the Demonspawn Fighter began the quest for the
                  | Orb.
     0 | D:1      | Reached XP level 1. HP: 18/18 MP: 1/1
   147 | D:1      | Gained mutation: You are partially covered in large bone
                  | plates. (SH +4) [demonic ancestry]
   147 | D:1      | Reached XP level 2. HP: 24/24 MP: 2/2
   461 | D:1      | Gained mutation: You sometimes gain a little power by
                  | taking damage. [demonic ancestry]
   461 | D:1      | Reached XP level 3. HP: 29/29 MP: 3/3
  1757 | D:3      | Found a runed translucent door.
  1760 | D:3      | Reached XP level 4. HP: 33/35 MP: 4/4
  1768 | D:3      | Noticed a bullfrog
  1769 | D:3      | Noticed lunkers's ghost (weakling MeEE)
  1836 | D:4      | Killed a bullfrog
  1841 | D:4      | Reached XP level 5. HP: 33/42 MP: 5/5
  1890 | D:3      | Killed lunkers's ghost
  1902 | D:3      | Found a runed translucent door.
  1968 | D:4      | Found a staircase to the Ecumenical Temple.
  1980 | Temple   | Entered the Ecumenical Temple
  2139 | D:5      | Entered Level 5 of the Dungeon
  3005 | D:5      | Reached XP level 6. HP: 39/48 MP: 6/6
  3473 | D:6      | Noticed a sky beast
  3524 | D:5      | Reached XP level 7. HP: 52/54 MP: 7/7
  3553 | D:5      | Reached skill level 5 in Axes
  4356 | D:6      | Noticed Pikel
  4367 | D:5      | Reached skill level 1 in Dodging
  4424 | D:5      | Killed Pikel
  4425 | D:5      | Reached skill level 1 in Stealth
  4425 | D:5      | Gained mutation: You have a pair of small antennae on your
                  | head. [demonic ancestry]
  4425 | D:5      | Reached XP level 8. HP: 54/61 MP: 8/8
  4643 | D:6      | HP: 1/61 [something (8)]
  4644 | D:6      | Reached skill level 5 in Shields
  5077 | D:6      | Reached skill level 5 in Fighting
  5077 | D:6      | Reached XP level 9. HP: 53/68 MP: 9/9
  5264 | D:6      | Reached skill level 1 in Throwing
  5330 | D:6      | Found a transporter.
  5349 | D:6      | Noticed koil's ghost (novice SpBr)
  5405 | D:6      | Identified the +3 trident "Jygu Ymm" {pain, rPois rF+ rC+
                  | Str-5}
  5405 | D:6      | Identified the +4 ring mail of Words of Power {Int+2}
  5420 | D:6      | Found a transporter.
  5798 | D:6      | Killed koil's ghost
  5799 | D:6      | Reached skill level 5 in Armour
  6903 | D:7      | Reached skill level 1 in Evocations
  7389 | D:7      | Found a shadowy altar of Dithmenos.
  7397 | D:8      | Found a transporter.
  7397 | D:8      | Found a transporter.
  7423 | D:8      | Found a flagged portal.
  7455 | Bailey   | Entered a bailey
  7740 | Bailey   | Reached XP level 10. HP: 65/74 MP: 10/10
  8655 | D:8      | Noticed a deep elf pyromancer
  8656 | D:8      | Noticed bande's ghost (novice GrFi)
  8693 | D:8      | Found a blossoming altar of Fedhas.
  8700 | D:8      | Found a sparkling altar of Nemelex Xobeh.
  8712 | D:8      | Found an ornate altar of the Wu Jian Council.
  8712 | D:8      | Found a snail-covered altar of Cheibriados.
  8712 | D:8      | Found a bloodstained altar of Trog.
  8714 | D:8      | Found a broken altar of Ashenzari.
  8717 | D:8      | Found a stormy altar of Qazlal.
  8721 | D:8      | Became a worshipper of Qazlal Stormbringer
  8783 | D:8      | Noticed Erica
  8796 | D:8      | Killed Erica
  8924 | D:10     | Entered Level 10 of the Dungeon
  9799 | D:9      | Reached * piety under Qazlal
  9902 | D:9      | Reached XP level 11. HP: 54/81 MP: 13/13
 10132 | D:9      | Noticed Maurice
 10137 | D:9      | Killed Maurice
 10549 | D:10     | Got the Anthology of the Jaunt and Wicked Magic
 10630 | D:10     | Reached skill level 10 in Axes
 10689 | D:10     | Reached ** piety under Qazlal
 11561 | D:11     | Identified the +1 leather armour of Dice, Bag, and Bottle
                  | {rPois Dex+2}
 11795 | D:11     | Found a staircase to the Orcish Mines.
 12020 | D:11     | Found a staircase to the Lair.
 12195 | D:11     | Reached skill level 5 in Invocations
 12195 | D:11     | Reached skill level 5 in Evocations
 12738 | D:12     | Noticed a great orb of eyes
 12742 | D:12     | Found a transporter.
 12744 | D:12     | Found a one-way gate to the infinite horrors of the Abyss.
 12744 | D:12     | Noticed Gucaix's ghost (journeyman FoFi)
 12760 | D:12     | Noticed a green ugly thing
 12764 | D:12     | Noticed a skeletal warrior
 12766 | D:12     | Found a transporter.
 12877 | D:12     | Noticed Nessos
 12886 | D:12     | Killed Nessos
 12974 | D:12     | Reached *** piety under Qazlal
 13058 | D:13     | Noticed a skeletal warrior
 13059 | D:13     | Noticed a skeletal warrior
 13060 | D:13     | Noticed a skeletal warrior
 13082 | D:12     | Killed a skeletal warrior
 13189 | D:12     | Gained mutation: You are mostly covered in large bone
                  | plates. (SH +6) [demonic ancestry]
 13189 | D:12     | Reached XP level 12. HP: 73/89 MP: 16/16
 13201 | D:13     | Noticed a tengu warrior
 13215 | D:12     | Killed a tengu warrior
 13510 | D:12     | Noticed Erolcha
 13528 | D:12     | Killed Erolcha
 13912 | Lair:1   | Entered Level 1 of the Lair of Beasts
 13963 | Orc:1    | Entered Level 1 of the Orcish Mines
 14086 | Orc:1    | Noticed an orc warlord
 14507 | Orc:1    | Reached **** piety under Qazlal
 14738 | Orc:1    | You fall into a shaft and drop 1 floor!
 14738 | Orc:2    | Entered Level 2 of the Orcish Mines
 14971 | Orc:2    | Found a dark tunnel.
 14997 | Volcano  | Entered a volcano
 15388 | Volcano  | Noticed a red draconian
 15420 | Volcano  | Killed a red draconian
 15421 | Volcano  | Reached skill level 10 in Shields
 15443 | Volcano  | Gained mutation: You have a pair of antennae on your head.
                  | [demonic ancestry]
 15443 | Volcano  | Reached XP level 13. HP: 25/96 MP: 19/19
 15820 | Volcano  | Noticed an orb of fire
 15854 | Volcano  | Noticed an orb of fire
 16732 | Orc:2    | Found a staircase to the Elven Halls.
 17361 | Orc:2    | Found Qiuch's Distillery.
 17361 | Orc:2    | Found Lyts's Magic Scroll Shop.
 17408 | Orc:2    | Bought a potion of heal wounds for 70 gold pieces
 17408 | Orc:2    | Bought a potion of heal wounds for 70 gold pieces
 17417 | Orc:2    | Bought a scroll of enchant weapon for 112 gold pieces
 17458 | Orc:2    | Found Comalaid's Jewellery Emporium.
 17458 | Orc:2    | Found Oxtunac's Weapon Shop.
 17492 | Orc:2    | Bought a +6 ring of strength for 396 gold pieces
 17492 | Orc:2    | Bought the ring "Rirphadi" {rF+ AC+4} for 550 gold pieces
 18439 | Lair:1   | Reached ***** piety under Qazlal
 18781 | Lair:2   | Found a staircase to the Swamp.
 18792 | Lair:2   | Reached skill level 10 in Invocations
 18945 | Lair:1   | Found a transporter.
 19013 | Lair:1   | Found a transporter.
 19517 | Lair:2   | Reached XP level 14. HP: 66/105 MP: 16/21
 20500 | Lair:4   | Found a staircase to the Slime Pits.
 20500 | Lair:4   | Found a viscous altar of Jiyva.
 21111 | Lair:3   | Found a staircase to the Snake Pit.
 21566 | Lair:5   | Entered Level 5 of the Lair of Beasts
 23230 | Lair:5   | Identified the +5 flail of Oozing Pus {vorpal, rF+ Dex+7}
 23574 | Lair:5   | Gained mutation: You are completely covered in large bone
                  | plates. (SH +8) [demonic ancestry]
 23574 | Lair:5   | Reached XP level 15. HP: 114/114 MP: 23/23
 24476 | D:13     | Identified the +7 rapier of Cowardice {vorpal, Int+3}
 25148 | D:13     | Found a gate to the Vaults.
 26172 | D:14     | Reached skill level 10 in Evocations
 26378 | D:14     | Identified the +5 dagger of Inconvenience {antimagic, rC+
                  | SInv}
 26517 | D:14     | Reached skill level 10 in Fighting
 26548 | D:15     | Entered Level 15 of the Dungeon
 26766 | D:14     | Found a radiant altar of Vehumet.
 27276 | D:15     | Reached ****** piety under Qazlal
 28353 | D:15     | Found a staircase to the Depths.
 28380 | D:15     | Found a snail-covered altar of Cheibriados.
 28926 | Snake:1  | Entered Level 1 of the Snake Pit
 28929 | Snake:1  | Identified the +9 falchion "Jauhaus" {vorpal, Will+}
 29737 | Snake:1  | Found Xiluzor's Distillery.
 29757 | Snake:1  | Bought 2 potions of might for 120 gold pieces
 29757 | Snake:1  | Bought a potion of invisibility for 120 gold pieces
 29780 | Snake:2  | Noticed Aizul
 29821 | Snake:1  | Killed Aizul
 30166 | Snake:1  | Reached XP level 16. HP: 119/125 MP: 25/25
 30746 | Snake:2  | Noticed a thorn hunter
 30754 | Snake:2  | Killed a thorn hunter
 31607 | Snake:2  | Noticed a tentacled monstrosity
 31626 | Snake:2  | Killed a tentacled monstrosity
 31853 | Snake:2  | Found a runed translucent gate.
 31853 | Snake:2  | Noticed ytrimaz's ghost (adept FoFi)
 31854 | Snake:2  | Found a runed translucent gate.
 31855 | Snake:2  | Found a runed translucent gate.
 32368 | Snake:2  | Reached skill level 15 in Axes
 33290 | Snake:2  | Killed ytrimaz's ghost
 33299 | Snake:2  | Got the Textbook on the Ghoulish Chill
 34279 | Snake:4  | Entered Level 4 of the Snake Pit
 34489 | Snake:4  | Identified Roxanne's Anthology of the Twelve Stories
 34489 | Snake:4  | Noticed Roxanne
 34508 | Snake:4  | Killed Roxanne
 34714 | Snake:4  | Gained mutation: You sometimes gain power by taking damage.
                  | [demonic ancestry]
 34714 | Snake:4  | Reached XP level 17. HP: 133/133 MP: 21/27
 35552 | Snake:4  | HP: 4/135 [shock serpent (12)]
 35922 | Snake:4  | Noticed a quicksilver dragon
 35922 | Snake:4  | Noticed a quicksilver dragon
 35932 | Snake:4  | Killed a quicksilver dragon
 35935 | Snake:4  | Killed a quicksilver dragon
 36398 | Snake:4  | Got a serpentine rune of Zot
 36796 | Swamp:1  | Entered Level 1 of the Swamp
 36934 | Lair:2   | Reached skill level 15 in Invocations
 37597 | Swamp:2  | Noticed Donald
 37615 | Swamp:2  | Killed Donald
 37695 | Swamp:2  | Found a large runed translucent door.
 37695 | Swamp:2  | Found a large runed translucent door.
 37784 | Swamp:3  | Noticed a tentacled monstrosity
 37796 | Swamp:3  | Killed a tentacled monstrosity
 37797 | Swamp:3  | Reached skill level 10 in Armour
 37975 | Swamp:2  | Noticed Iffuusoj's ghost (adept MiBe)
 38013 | Swamp:2  | Killed Iffuusoj's ghost
 38452 | Swamp:4  | Entered Level 4 of the Swamp
 38498 | Swamp:3  | Gained mutation: You are powered by pain. [demonic
                  | ancestry]
 38498 | Swamp:3  | Reached XP level 18. HP: 140/143 MP: 29/29
 39852 | Swamp:4  | Reached skill level 15 in Shields
 40260 | Swamp:4  | Got a decaying rune of Zot
 40589 | Vaults:1 | Entered Level 1 of the Vaults
 40615 | Vaults:1 | HP: 5/144 [lindwurm/blast of flame[a glowing orange brain]
                  | (27)]
 41514 | Vaults:1 | Identified the +7 falchion "Piemeir" {drain, Fly}
 41908 | Vaults:1 | Paralysed by a great orb of eyes for 2 turns
 42578 | Vaults:2 | Gained mutation: You have a pair of large antennae on your
                  | head. (SInv) [demonic ancestry]
 42578 | Vaults:2 | Reached XP level 19. HP: 95/152 MP: 23/31
 42741 | Vaults:2 | Identified the +7 dagger of the Doomed Warrior {vorpal,
                  | Str+4}
 43150 | Vaults:2 | Found a staircase to the Crypt.
 44039 | Vaults:3 | Identified the +3 pair of gloves of the Heavens {+Blink
                  | Will++}
 44039 | Vaults:3 | Noticed Nikola
 44053 | Vaults:3 | Killed Nikola
 44121 | Vaults:3 | HP: 2/154 [crystal guardian/crystal bolt[a peacekeeper]
                  | (29)]
 44577 | Vaults:3 | Reached skill level 15 in Fighting
 45176 | Vaults:3 | Found Waxow's Armour Emporium.
 45702 | Vaults:4 | Gained mutation: Your presence sometimes corrodes those you
                  | injure. [demonic ancestry]
 45702 | Vaults:4 | Reached XP level 20. HP: 162/162 MP: 32/32
 46127 | Vaults:5 | Entered Level 5 of the Vaults
 47428 | Elf:1    | Entered Level 1 of the Elven Halls
 47429 | Elf:1    | Paralysed by an air elemental for 1 turns
 47454 | Elf:1    | Noticed Agnes
 47462 | Elf:1    | Killed Agnes
 47541 | Elf:1    | Paralysed by an air elemental for 1 turns
 47543 | Elf:1    | Paralysed by an air elemental for 1 turns
 47819 | Elf:1    | Found Loimet's Book Shoppe.
 47821 | Elf:1    | Found Aseh's Assorted Antiques.
 47824 | Elf:1    | Found Huejari's Assorted Antiques.
 47829 | Elf:1    | Bought a wand of light (4) for 420 gold pieces
 47829 | Elf:1    | Bought a scroll of teleportation for 75 gold pieces
 47831 | Elf:1    | Bought a scroll of teleportation for 105 gold pieces
 47831 | Elf:1    | Bought a scroll of silence for 332 gold pieces
 47831 | Elf:1    | Bought a scroll of blinking for 262 gold pieces
 48219 | Elf:2    | Paralysed by an air elemental for 1 turns
 48407 | Elf:3    | Entered Level 3 of the Elven Halls
 48458 | Elf:2    | Found Zoicvuf's Distillery.
 48462 | Elf:2    | Found Paoff's Weapon Shoppe.
 48462 | Elf:2    | Found Jajehus's Assorted Antiques.
 48467 | Elf:2    | Bought a potion of invisibility for 144 gold pieces
 48467 | Elf:2    | Bought a potion of heal wounds for 90 gold pieces
 48467 | Elf:2    | Found Fuijee's Armour Shoppe.
 48514 | Elf:2    | Bought a +0 cloak of willpower for 172 gold pieces
 48514 | Elf:2    | Bought a +1 cloak of preservation for 247 gold pieces
 48666 | Elf:2    | Found Kigaizur's Antique Weapon Shoppe.
 48892 | Elf:2    | Found a runed translucent gate.
 48892 | Elf:2    | Found a runed translucent gate.
 48892 | Elf:2    | Found a runed translucent gate.
 49863 | Elf:3    | Reached skill level 15 in Evocations
 49936 | Elf:3    | Noticed Saint Roka
 49938 | Elf:3    | Gained mutation: A meltable shield of frost defends you.
                  | (SH +0) [demonic ancestry]
 49938 | Elf:3    | Reached XP level 21. HP: 148/172 MP: 29/34
 49961 | Elf:3    | Killed Saint Roka
 49970 | Elf:3    | Killed from afar by a deep elf annihilator

Illustrated notes

Levels and vault maps discovered:
D:1:      tarquinn_simple_flora_water_d, layout_basic, minmay_liquid_box,
          chequers_garden
D:2:      layout_basic, minmay_misc_feat_tiny, serial_bayou_pond_e
D:3:      kennysheep_the_goblin_king, layout_loops_ring, ebering_ghost_sewer_f
D:4:      layout_loops_ring, minmay_temple_entry_statues_pillars,
          hangedman_decor_peaks_small
D:5:      layout_loops_ring, amethyst_killhole
D:6:      black_bear_nest_1, layout_basic, gammafunk_ghost_gnarly_gnolls,
          minmay_diced_spiral, uniq_pikel
D:7:      layout_basic, grunt_dithmenos_smoke, kennysheep_generic_room_7
D:8:      layout_loops_cross, minitemple, enter_bailey_7, nzn_ghost_randoct,
          uniq_erica
D:9:      layout_irregular_city, uniq_maurice
D:10:     layout_loops_ring, minmay_misc_feat_roman,
          nicolae_concentric_dashed_squares_mild
D:11:     layout_basic, david_lair_generic, hiddenorc1_lemuel, serial_glass,
          glass_columns_b, glass_columns_c, glass_columns_c, glass_columns_a,
          glass_columns_b, glass_columns_b, glass_columns_c, glass_columns_b,
          minmay_strange_pillars, item_on_display_a, feat_on_display,
          item_on_display_a
D:12:     layout_roguey, gammafunk_ghost_abyssal_escape, uniq_erolcha,
          uniq_nessos
D:13:     layout_gridville, skrybe_vaults_entry_preservation,
          portal_ice_cave_entry_pillars_1
D:14:     layout_irregular_city, nicolae_titane, vehumet_altar_wand_db
D:15:     gammafunk_enter_depths_forms, layout_loops_corners, elyvilon_altar_4,
          chequers_serial_rivers_micro_a, kennysheep_slug_shrine
Temple:   pdpol_scorched_temple
Lair:1:   gammafunk_worm_tunnel, layout_long_grid
Lair:2:   layout_concentric_octagons, swamp_mist,
          grunt_forest_large_clearing_hut, lemuel_fruit_fields
Lair:3:   layout_regular_city, minmay_snake_entry_spellcaster
Lair:4:   layout_cave_pods, slime_entry_1, eino_small_chamber_without_monster,
          lemuel_fruit_fields
Lair:5:   minmay_lair_end_enchanted_forest, layout_cave_pods,
          nicolae_lair_run_with_the_wolves, grunt_megastairs_2
Swamp:1:  layout_basic_swamp, infiniplex_staircase_pool
Swamp:2:  layout_falls_marsh, ebering_ghost_disaster_area, serial_swamp_ruin,
          evilmike_swamp_ruin_house_1, evilmike_swamp_ruin_rubble_2,
          swamp_pool1, uniq_donald
Swamp:3:  layout_basic_swamp, nicolae_swamp_little_tower, swamp_pool1,
          nicolae_swamp_no_escape
Swamp:4:  swamp_fiery, layout_basic_swamp, swamp_pool1,
          infiniplex_staircase_pool_2
Snake:1:  layout_gridlike, serial_shops, nicolae_shop_hallway_stairs
Snake:2:  onia_ninara_swampy_vault, layout_basic, gammafunk_ghost_necromancy,
          serial_bayou_shore_a, uniq_aizul
Snake:3:  layout_rooms, drop_trap
Snake:4:  hellmonk_snake_rune_quicksilver_temple, layout_basic, uniq_roxanne
Orc:1:    layout_diamond_mine, special_room [special_room_bee]
Orc:2:    st_orc_town, layout_diamond_mine, enter_volcano_1
Elf:1:    layout_geoelf_octagon, minivault_28, minmay_shop_star, uniq_agnes
Elf:2:    nicolae_elf_blades_splatter_lattice [mumra_blade_entry_dagger],
          layout_geoelf_octagon, serial_shops, nicolae_shop_stone, minivault_20,
          minmay_shoptagon
Elf:3:    minmay_elf_hall_quartered_circle, layout_geoelf_octagon, serial_shops,
          shop, uniq_saint_roka
Vaults:1: vaults_room_corners, v_alt_pattern_6, vaults_dpeg_cross,
          vaults_room_grid, dpeg_vaults_waves, vaults_dpeg_emergency_exit,
          ontoclasm_vaults_decontamination, vaults_dpeg_ring,
          layout_vaults_omnigrid
Vaults:2: nicolae_vaults_little_squares_6, nicolae_vaults_little_squares_6,
          nicolae_vaults_little_squares_6, v_alt_pattern_3,
          minmay_crypt_entry_simple_round, dpeg_vaults_hating_casters,
          hangedman_vaults_nodes, nicolae_vaults_sealed_display,
          layout_vaults_ring
Vaults:3: st_octagons_2, vaults_mumra_chevron_long, grunt_vaults_hallway_short,
          vaults_mumra_minichess, hangedman_vaults_capsules,
          nicolae_vaults_yaktaur_gun_rack, nicolae_vaults_specimen_jars,
          dpeg_vaults_monster_box, nicolae_vaults_mini_display_case,
          hangedman_vaults_trim, vaults_dpeg_hooks, layout_vaults_omnicross,
          serial_shops, nicolae_lakefront_shop, uniq_nikola
Vaults:4: hangedman_vaults_trim, nicolae_vaults_quartermaster,
          hangedman_vaults_snaps, vaults_room_pools,
          nicolae_vaults_ring_of_whatevers, v_alt_pattern_3,
          nicolae_vaults_asterisk, v_misc_13, nicolae_vaults_network_s,
          vaults_room_stairs_pillars, v_misc_33, grunt_vaults_bifocal,
          ontoclasm_vaults_hangar, nicolae_vaults_little_squares_3,
          layout_vaults_maze_bifur
Vaults:5

Skill      XL: |  1  2  3  4  5  6  7  8  9 10 11 12 13 14 15 16 17 18 19 20 |
---------------+-------------------------------------------------------------+-----
Axes           | 2 3 4 6 7 8 9 10 11 13 14 15 16 17 18 | 18.0
Armour         | 3 4 5 6 7 8 9 10 11 | 11.5
Shields        | 3 4 5 6 7 8 10 11 12 13 14 15 16 17 | 17.1
Fighting       | 4 5 6 7 8 9 11 12 13 14 15 16 | 16.5
Dodging        | 1 2 3 |  3.0
Stealth        | 1 2 3 4 |  4.2
Throwing       | 1 2 3 |  3.1
Evocations     | 1 4 5 7 8 9 10 11 12 13 14 15 | 15.0
Invocations    | 3 6 8 10 11 12 14 15 16 17 18 | 18.6

Action                   |  1- 3 |  4- 6 |  7- 9 | 10-12 | 13-15 | 16-18 | 19-21 || total
-------------------------+-------+-------+-------+-------+-------+-------+-------++-------
Melee: War axe           |    84 |   111 |   311 |   664 |    26 |       |       ||  1196
       Broad axe         |       |       |       |       |  1011 |  1136 |   709 ||  2856
Throw: Dart              |       |       |    21 |    17 |       |       |       ||    38
       Boomerang         |       |       |       |     1 |    18 |    31 |     5 ||    55
Invok: Elemental Force   |       |       |       |     2 |     8 |    20 |    12 ||    42
       Upheaval          |       |       |       |       |     6 |     6 |     5 ||    17
 Abil: Evoke Blink       |       |       |       |       |       |       |     2 ||     2
Evoke: Wand              |       |       |     4 |    20 |     3 |     5 |     4 ||    36
       Phial of floods   |       |       |       |       |       |     1 |     3 ||     4
  Use: Scroll            |     6 |     6 |     8 |    11 |    10 |    13 |     5 ||    59
       Potion            |     1 |       |     1 |    11 |     4 |     9 |     1 ||    27
 Stab: Invisible         |       |       |     4 |     8 |     1 |       |       ||    13
       Held in net/web   |       |       |     1 |       |       |       |       ||     1
       Paralysed         |       |       |       |       |     3 |    13 |     4 ||    20
       Distracted        |       |       |       |       |     1 |     1 |       ||     2
Armor: Scale mail        |    23 |       |       |       |       |       |       ||    23
       Chain mail        |    19 |    57 |   133 |       |       |       |       ||   209
       Plate armour      |       |       |    10 |    37 |       |       |       ||    47
       Crystal plate arm |       |       |       |   252 |   392 |   587 |   246 ||  1477
Dodge: Dodged            |    35 |    31 |    78 |    49 |    78 |   110 |    82 ||   463
       Repelled          |       |       |       |       |     4 |    12 |     9 ||    25
Block: Buckler           |    46 |    76 |   181 |       |       |       |       ||   303
       Kite shield       |       |       |   116 |   920 |  1645 |   563 |       ||  3244
       Reflection        |       |       |     4 |    37 |    60 |   140 |   121 ||   362
       Tower shield      |       |       |       |       |       |  1502 |  1153 ||  2655
       Other             |       |       |       |       |       |     2 |       ||     2

Table legend: (Time is in decaauts)
 A = Elapsed time spent in this place.
 B = Non-inter-level travel time spent in this place.
 C = Inter-level travel time spent in this place.
 D = Time resting spent in this place.
 E = Time spent auto-exploring this place.
 F = Levels seen in this place.
 G = Mean time per level.
                   A        B        C        D        E       F      G
               +--------+--------+--------+--------+--------+-----+--------+
         Total |  50518 |  47973 |   2545 |   7183 |  20839 |  41 | 1232.1 |
       Dungeon |  19004 |  17904 |   1100 |   2166 |   8982 |  15 | 1266.9 |
        Temple |    100 |    100 |      0 |      0 |     46 |   1 |  100.0 |
          Lair |   6904 |   6395 |    509 |    834 |   3431 |   5 | 1380.8 |
         Swamp |   3445 |   3334 |    111 |    487 |   1135 |   4 |  861.2 |
     Snake Pit |   7521 |   7290 |    231 |   1800 |   2647 |   4 | 1880.2 |
  Orcish Mines |   2704 |   2495 |    209 |    468 |    642 |   2 | 1352.0 |
   Elven Halls |   2514 |   2514 |      0 |    124 |   1029 |   3 |  838.0 |
        Vaults |   6434 |   6052 |    382 |    590 |   2705 |   5 | 1286.8 |
        Bailey |    888 |    888 |      0 |    299 |    119 |   1 |  888.0 |
       Volcano |   1002 |   1002 |      0 |    415 |    103 |   1 | 1002.0 |
               +--------+--------+--------+--------+--------+-----+--------+

Top non-repeatable levels by time:
 Snake:2: 3170 daAuts
    D:11: 2346 daAuts
     D:6: 2215 daAuts
 Snake:4: 2098 daAuts
    D:13: 2008 daAuts
Vaults:1: 1827 daAuts
Vaults:3: 1813 daAuts
 Snake:1: 1610 daAuts
   Orc:2: 1571 daAuts
    D:15: 1567 daAuts
  Lair:4: 1552 daAuts
    D:12: 1492 daAuts
Vaults:2: 1485 daAuts
  Lair:1: 1450 daAuts
  Lair:5: 1397 daAuts
